TOP OF THE 1ST |
So Cal Bruins batting - Pitching for Springfield Stars : LHP Anthony Erickson
|
Pitching: LHP Anthony Erickson
|
|
Batting: LHB Jesús Campos
|
0-0: Foul Ball, location: 2F 0-1: Called Strike 0-2: Ground out 3-1 (Groundball, 34)
|
Batting: RHB Eugene Gill
|
0-0: Called Strike 0-1: Foul Ball, location: 2F 0-2: Strikes out swinging
|
Batting: RHB Earl Wiggins
|
0-0: Ball 1-0: Ball 2-0: Ball 3-0: Called Strike 3-1: Base on Balls
|
Batting: LHB José Antonio Santiago
|
0-0: Ball 1-0: Called Strike 1-1: Foul Ball, location: 2F 1-2: Ball 2-2: Foul Ball, location: 2F 2-2: Foul Ball, location: 2F 2-2: Ground out 3-1 (Groundball, 3L)
|
Top of the 1st over - 0 run(s), 0 hit(s), 0 error(s), 1 left on base; So Cal 0 - Springfield 0 |
BOTTOM OF THE 1ST |
Springfield Stars batting - Pitching for So Cal Bruins : LHP Ramiro Jiménez
|
Pitching: LHP Ramiro Jiménez
|
|
Batting: RHB Calvin Bennett
|
0-0: Fly out, F7 (Flyball, 78M)
|
Batting: RHB Norberto Taváres
|
0-0: Ball 1-0: Ball 2-0: Called Strike 2-1: Ball 3-1: Reached on error, E3 (Groundball, 34)
|
Batting: LHB Derek Davidson
|
0-0: Ball Norberto Taváres is caught stealing 2nd base 1-0: Ball 2-0: Foul Ball, location: 2F 2-1: Ground out U3 (Groundball, 3)
|
Bottom of the 1st over - 0 run(s), 0 hit(s), 1 error(s), 0 left on base; So Cal 0 - Springfield 0 |
TOP OF THE 2ND |
So Cal Bruins batting - Pitching for Springfield Stars : LHP Anthony Erickson
|
Batting: RHB Rubén Calderón
|
0-0: Called Strike 0-1: Ball 1-1: Ball 2-1: Foul Ball, location: 2F 2-2: Strikes out swinging
|
Batting: LHB Kiyonaga Morita
|
0-0: Ball 1-0: Ball 2-0: Swinging Strike 2-1: Ball 3-1: Fly out, F9 (Flyball, 9S)
|
Batting: LHB Jeff Carter
|
0-0: Called Strike 0-1: Ball 1-1: Swinging Strike 1-2: Strikes out swinging
|
Top of the 2nd over - 0 run(s), 0 hit(s), 0 error(s), 0 left on base; So Cal 0 - Springfield 0 |
BOTTOM OF THE 2ND |
Springfield Stars batting - Pitching for So Cal Bruins : LHP Ramiro Jiménez
|
Batting: LHB Felipe Guerrero
|
0-0: Ball 1-0: Foul Ball, location: 2F 1-1: Foul Ball, location: 2F 1-2: Ball 2-2: Ball 3-2: SINGLE (Line Drive, 9LM)
|
Batting: SHB Shane Hutchinson
|
0-0: Ball 1-0: Ball 2-0: Ball 3-0: Called Strike 3-1: Base on Balls Felipe Guerrero to second
|
Batting: LHB Elliott Newell
|
0-0: DOUBLE (Line Drive, 7LM) Felipe Guerrero scores Shane Hutchinson to third
|
Batting: LHB Jesús Tobías
|
0-0: Ball 1-0: Ball Wild Pitch! Shane Hutchinson scores Elliott Newell to third 2-0: DOUBLE (Line Drive, 9D) Elliott Newell scores
|
Batting: RHB Juan Carlos Rodríguez
|
0-0: Called Strike 0-1: Fly out, F7 (Line Drive, 78M)
|
Batting: RHB Will Sterling
|
0-0: Called Strike 0-1: Ball 1-1: Swinging Strike 1-2: Ball 2-2: Ball 3-2: Fly out, F8 (Flyball, 8LS)
|
Batting: RHB Calvin Bennett
|
0-0: Called Strike 0-1: Foul Ball, location: 2F 0-2: Fly out, F3 (Popup, 3L)
|
Bottom of the 2nd over - 3 run(s), 3 hit(s), 0 error(s), 1 left on base; So Cal 0 - Springfield 3 |
TOP OF THE 3RD |
So Cal Bruins batting - Pitching for Springfield Stars : LHP Anthony Erickson
|
Batting: LHB César Valentín
|
0-0: Swinging Strike 0-1: Ball 1-1: Ground out U3 (Groundball, 3)
|
Batting: RHB Morgan Gibbon
|
0-0: Called Strike 0-1: Ground out 6-3 (Groundball, 6)
|
Batting: LHB Jesús Campos
|
0-0: Ball 1-0: Ball 2-0: Ball 3-0: Base on Balls
|
Batting: RHB Eugene Gill
|
0-0: Called Strike 0-1: Called Strike 0-2: Strikes out looking
|
Top of the 3rd over - 0 run(s), 0 hit(s), 0 error(s), 1 left on base; So Cal 0 - Springfield 3 |
BOTTOM OF THE 3RD |
Springfield Stars batting - Pitching for So Cal Bruins : LHP Ramiro Jiménez
|
Batting: RHB Norberto Taváres
|
0-0: Called Strike 0-1: Swinging Strike 0-2: Ball 1-2: Ball 2-2: Ball 3-2: Base on Balls
|
Batting: LHB Derek Davidson
|
0-0: 2-RUN HOME RUN (Flyball, 9D), Distance : 414 ft
|
Batting: LHB Felipe Guerrero
|
0-0: Fly out, F6 (Popup, 56D)
|
Batting: SHB Shane Hutchinson
|
0-0: Swinging Strike 0-1: Ball 1-1: Ground out 6-3 (Groundball, 6)
|
Batting: LHB Elliott Newell
|
0-0: Foul Ball, location: 2F 0-1: Ball 1-1: Swinging Strike 1-2: Ball 2-2: Ball 3-2: Foul Ball, location: 2F 3-2: Foul Ball, location: 2F 3-2: Strikes out swinging
|
Bottom of the 3rd over - 2 run(s), 1 hit(s), 0 error(s), 0 left on base; So Cal 0 - Springfield 5 |
TOP OF THE 4TH |
So Cal Bruins batting - Pitching for Springfield Stars : LHP Anthony Erickson
|
Batting: RHB Earl Wiggins
|
0-0: Ball 1-0: Foul Ball, location: 2F 1-1: Fly out, F7 (Line Drive, 7LS)
|
Batting: LHB José Antonio Santiago
|
0-0: Ground out 6-3 (Groundball, 56D)
|
Batting: RHB Rubén Calderón
|
0-0: Called Strike 0-1: Ball 1-1: Ground out 5-3 (Groundball, 56)
|
Top of the 4th over - 0 run(s), 0 hit(s), 0 error(s), 0 left on base; So Cal 0 - Springfield 5 |
BOTTOM OF THE 4TH |
Springfield Stars batting - Pitching for So Cal Bruins : LHP Ramiro Jiménez
|
Batting: LHB Jesús Tobías
|
0-0: Called Strike 0-1: Fly out, F9 (Line Drive, 9)
|
Batting: RHB Juan Carlos Rodríguez
|
0-0: Ball 1-0: Fly out, F4 (Flyball, 4D)
|
Batting: RHB Will Sterling
|
0-0: Called Strike 0-1: Foul Ball, location: 2F 0-2: Ball 1-2: Ball 2-2: Foul Ball, location: 2F 2-2: SINGLE (Groundball, 4D)
|
Pitching: LHP Jim Sheppard
|
|
Batting: RHB Calvin Bennett
|
0-0: Called Strike 0-1: Fielders Choice at 2nd, 5-4 (Groundball, 5)
|
Bottom of the 4th over - 0 run(s), 1 hit(s), 0 error(s), 0 left on base; So Cal 0 - Springfield 5 |
TOP OF THE 5TH |
So Cal Bruins batting - Pitching for Springfield Stars : LHP Anthony Erickson
|
Batting: LHB Kiyonaga Morita
|
0-0: Foul Ball, location: 2F 0-1: Ball 1-1: Ball 2-1: Called Strike 2-2: Fly out, F8 (Flyball, 89M)
|
Batting: LHB Jeff Carter
|
0-0: Ball 1-0: Ball 2-0: Ground out 6-3 (Groundball, 6)
|
Batting: LHB César Valentín
|
0-0: Ball 1-0: Foul Ball, location: 2F 1-1: Ball 2-1: SINGLE (Groundball, 4MS) (infield hit)
|
Batting: RHB Morgan Gibbon
|
0-0: Ground out 4-3 (Groundball, 34)
|
Top of the 5th over - 0 run(s), 1 hit(s), 0 error(s), 1 left on base; So Cal 0 - Springfield 5 |
BOTTOM OF THE 5TH |
Springfield Stars batting - Pitching for So Cal Bruins : LHP Jim Sheppard
|
Batting: RHB Norberto Taváres
|
0-0: Swinging Strike 0-1: Ground out 5-3 (Groundball, 56)
|
Batting: LHB Derek Davidson
|
0-0: Called Strike 0-1: Swinging Strike 0-2: Ball 1-2: Ball 2-2: SINGLE (Groundball, 4MD)
|
Batting: LHB Felipe Guerrero
|
0-0: Ball 1-0: Called Strike 1-1: Called Strike 1-2: Foul Ball, location: 2F 1-2: Fielders Choice at 2nd, 4-6 (Groundball, 4D)
|
Batting: SHB Shane Hutchinson
|
0-0: Ball 1-0: Ball 2-0: Foul Ball, location: 2F 2-1: Ball 3-1: Foul Ball, location: 2F 3-2: SINGLE (Line Drive, 7LS) Felipe Guerrero to second Felipe Guerrero to third
|
Batting: LHB Elliott Newell
|
0-0: Swinging Strike 0-1: Swinging Strike 0-2: Ball 1-2: Ball 2-2: Foul Ball, location: 2F 2-2: Strikes out swinging
|
Bottom of the 5th over - 0 run(s), 2 hit(s), 0 error(s), 2 left on base; So Cal 0 - Springfield 5 |
TOP OF THE 6TH |
So Cal Bruins batting - Pitching for Springfield Stars : LHP Anthony Erickson
|
Batting: LHB Jesús Campos
|
0-0: Ball 1-0: Called Strike 1-1: Ball 2-1: SINGLE (Groundball, 4MD)
|
Batting: RHB Eugene Gill
|
0-0: Ball 1-0: Fly out, F4 (Popup, 4D)
|
Batting: RHB Earl Wiggins
|
0-0: 2-RUN HOME RUN (Flyball, 78XD), Distance : 449 ft
|
Batting: LHB José Antonio Santiago
|
0-0: Ball 1-0: Swinging Strike 1-1: Fly out, F8 (Flyball, 78S)
|
Batting: RHB Rubén Calderón
|
0-0: Hit by Pitch
|
Batting: LHB Kiyonaga Morita
|
0-0: Called Strike 0-1: Ball 1-1: Called Strike 1-2: Ball 2-2: Ball 3-2: Strikes out swinging
|
Top of the 6th over - 2 run(s), 2 hit(s), 0 error(s), 1 left on base; So Cal 2 - Springfield 5 |
BOTTOM OF THE 6TH |
Springfield Stars batting - Pitching for So Cal Bruins : LHP Jim Sheppard
|
Batting: LHB Jesús Tobías
|
0-0: Ball 1-0: Ball 2-0: Called Strike 2-1: Fly out, F3 (Line Drive, 3)
|
Batting: RHB Juan Carlos Rodríguez
|
0-0: Ball 1-0: Swinging Strike 1-1: Ball 2-1: Ground out 5-3 (Groundball, 56)
|
Pitching: RHP Flint Gray
|
|
Batting: RHB Will Sterling
|
0-0: Swinging Strike 0-1: Ball 1-1: Swinging Strike 1-2: Ball 2-2: Strikes out swinging
|
Bottom of the 6th over - 0 run(s), 0 hit(s), 0 error(s), 0 left on base; So Cal 2 - Springfield 5 |
TOP OF THE 7TH |
So Cal Bruins batting - Pitching for Springfield Stars : LHP Anthony Erickson
|
Batting: LHB Jeff Carter
|
0-0: Ball 1-0: Foul Ball, location: 2F 1-1: Fly out, F8 (Flyball, 8RD)
|
Batting: LHB César Valentín
|
0-0: SINGLE (Line Drive, 8LS)
|
Batting: RHB Morgan Gibbon
|
0-0: Ball 1-0: Ball 2-0: SINGLE (Flyball, 7LM) César Valentín to second
|
Pitching: LHP Shan Liu
|
|
Batting: LHB Jesús Campos
|
0-0: Hit by Pitch César Valentín to third Morgan Gibbon to second
|
Batting: RHB Eugene Gill
|
0-0: Ball 1-0: Called Strike 1-1: Fly out, F8 (Flyball, 8RS) Runner from 3rd tags up, SCORES, no throw
|
Batting: RHB Earl Wiggins
|
0-0: Called Strike 0-1: Ball 1-1: Ball 2-1: Swinging Strike 2-2: 3-RUN HOME RUN (Flyball, 78XD), Distance : 437 ft
|
Batting: LHB José Antonio Santiago
|
0-0: DOUBLE (Line Drive, 9LM)
|
Pitching: RHP Luis Cortéz
|
|
Pinch Runner at 2nd Patrick Osborne:
|
|
Batting: RHB Rubén Calderón
|
0-0: Ball 1-0: Swinging Strike 1-1: Foul Ball, location: 2F 1-2: Foul Ball, location: 2F 1-2: Ball 2-2: Ground out 5-3 (Groundball, 56S)
|
Top of the 7th over - 4 run(s), 4 hit(s), 0 error(s), 1 left on base; So Cal 6 - Springfield 5 |
BOTTOM OF THE 7TH |
Springfield Stars batting - Pitching for So Cal Bruins : RHP Flint Gray
|
Now in LF: Patrick Osborne
|
|
Batting: RHB Calvin Bennett
|
0-0: Fly out, F8 (Line Drive, 8RM)
|
Batting: RHB Norberto Taváres
|
0-0: Ball 1-0: Ball 2-0: Ball 3-0: Base on Balls
|
Pitching: LHP Juan Fuentes
|
|
Batting: LHB Derek Davidson
|
0-0: Ball 1-0: Ball 2-0: Foul Ball, location: 2F 2-1: Ground out U3 (Groundball, 34S) Norberto Taváres to second
|
Pitching: RHP Masahiko Okada
|
|
Batting: LHB Felipe Guerrero
|
0-0: Ball 1-0: Ball 2-0: Called Strike 2-1: Foul Ball, location: 2F 2-2: Foul Ball, location: 2F 2-2: Foul Ball, location: 2F 2-2: Ground out 4-3 (Groundball, 4)
|
Bottom of the 7th over - 0 run(s), 0 hit(s), 0 error(s), 1 left on base; So Cal 6 - Springfield 5 |
TOP OF THE 8TH |
So Cal Bruins batting - Pitching for Springfield Stars : RHP Luis Cortéz
|
Batting: LHB Kiyonaga Morita
|
0-0: Called Strike 0-1: Ball 1-1: Foul Ball, location: 2F 1-2: Strikes out looking
|
Batting: LHB Jeff Carter
|
0-0: Swinging Strike 0-1: Fly out, F9 (Line Drive, 9LS)
|
Batting: LHB César Valentín
|
0-0: Foul Ball, location: 2F 0-1: Called Strike 0-2: Strikes out swinging
|
Top of the 8th over - 0 run(s), 0 hit(s), 0 error(s), 0 left on base; So Cal 6 - Springfield 5 |
BOTTOM OF THE 8TH |
Springfield Stars batting - Pitching for So Cal Bruins : RHP Masahiko Okada
|
Pitching: RHP Kitahachi Okada
|
|
Batting: SHB Shane Hutchinson
|
0-0: Foul Ball, location: 2F 0-1: Ball 1-1: Called Strike 1-2: Ball 2-2: Strikes out swinging
|
Batting: LHB Elliott Newell
|
0-0: Called Strike 0-1: Foul Ball, location: 2F 0-2: Ball 1-2: Foul Ball, location: 2F 1-2: Strikes out swinging
|
Batting: LHB Jesús Tobías
|
0-0: Foul Ball, location: 2F 0-1: Ball 1-1: Ground out 4-3 (Groundball, 4)
|
Bottom of the 8th over - 0 run(s), 0 hit(s), 0 error(s), 0 left on base; So Cal 6 - Springfield 5 |
TOP OF THE 9TH |
So Cal Bruins batting - Pitching for Springfield Stars : RHP Luis Cortéz
|
Batting: RHB Morgan Gibbon
|
0-0: Called Strike 0-1: Foul Ball, location: 2F 0-2: Ball 1-2: Ball 2-2: Foul Ball, location: 2F 2-2: Ball 3-2: Fly out, F8 (Flyball, 8RS)
|
Batting: LHB Jesús Campos
|
0-0: Swinging Strike 0-1: Called Strike 0-2: Fly out, F8 (Flyball, 78D)
|
Batting: RHB Eugene Gill
|
0-0: Foul Ball, location: 2F 0-1: Ball 1-1: Fly out, F9 (Flyball, 9LD)
|
Top of the 9th over - 0 run(s), 0 hit(s), 0 error(s), 0 left on base; So Cal 6 - Springfield 5 |
BOTTOM OF THE 9TH |
Springfield Stars batting - Pitching for So Cal Bruins : RHP Kitahachi Okada
|
Pitching: RHP Marty Burgess
|
|
Batting: RHB Juan Carlos Rodríguez
|
0-0: Ground out 6-3 (Groundball, 6)
|
Pinch Hitting: RHB Juan Rodríguez
|
0-0: Ball 1-0: Foul Ball, location: 2F 1-1: Ball 2-1: Foul Ball, location: 2F 2-2: SINGLE (Line Drive, 6M)
|
Batting: RHB Calvin Bennett
|
0-0: Ball 1-0: Foul Ball, location: 2F 1-1: Foul Ball, location: 2F 1-2: Ball 2-2: Foul Ball, location: 2F 2-2: Foul Ball, location: 2F 2-2: Foul Ball, location: 2F 2-2: Strikes out looking
|
Batting: RHB Norberto Taváres
|
0-0: Foul Ball, location: 2F 0-1: Ball 1-1: Foul Ball, location: 2F 1-2: Foul Ball, location: 2F 1-2: Fly out, F3 (Flyball, 3D)
|
Bottom of the 9th over - 0 run(s), 1 hit(s), 0 error(s), 1 left on base; So Cal 6 - Springfield 5 |
|